 Dungeon Crawl Stone Soup version 0.27-a0-1334-g2746e35aca (webtiles) character file.

Game seed: 11945018486399653699

39 Delamore the Sneak (level 3, 0/25 HPs)
             Began as an Octopode Brigand on June 26, 2021.
             Slain by a jackal (3 damage)
             ... on level 1 of the Dungeon.
             The game lasted 00:00:55 (1139 turns).

Delamore the Sneak (Octopode Brigand)               Turns: 1139, Time: 00:00:56

Health: 0/25       AC:  1    Str: 10    XL:     3   Next: 45%
Magic:  3/3        EV: 12    Int: 13    God:
Gold:   94         SH:  0    Dex: 14    Spells: 2/2 levels left

rFire    . . .     SeeInvis .   a - +2 dagger
rCold    . . .     Faith    .   (no shield)
rNeg     . . .     Spirit   .   (helmet restricted)
rPois    .         Reflect  .   (no amulet)
rElec    .         Harm     .   (no ring)
rCorr    .         Rampage  .   (no ring)
Will     .....                  (no ring)
Stlth    ++++......             (no ring)
HPRegen  0.08/turn              (no ring)
MPRegen  0.08/turn              (no ring)
                                (no ring)
                                (no ring)

@: no status effects
A: almost no armour, amphibious, 8 rings, camouflage 1, gelatinous body 1,
(nimble swimmer 1), tentacles
a: no special abilities


You were on level 1 of the Dungeon.
You visited 1 branch of the dungeon, and saw 2 of its levels.

You collected 94 gold pieces.

Inventory:

Hand Weapons
 a - a +2 dagger (weapon)
Missiles
 b - 5 poisoned darts (quivered)
Scrolls
 d - a scroll of fear {unknown}
 e - a scroll of enchant weapon {unknown}
 g - a scroll of teleportation {unknown}
Potions
 f - a potion of heal wounds {unknown}


   Skills:
 + Level 2.4 Fighting
 * Level 3.0 Short Blades
 - Level 2.0 Throwing
 - Level 1.0 Dodging
 + Level 5.8 Stealth


You had 2 spell levels left.
You didn't know any spells.
Your spell library was empty.

Dungeon Overview and Level Annotations

Branches:
Dungeon (2/15)

Altars:


Innate Abilities, Weirdness & Mutations

You cannot wear most types of armour.
You are amphibious.
You can wear up to eight rings at the same time.
Your skin changes colour to match your surroundings (Stealth+).
Your rubbery body absorbs attacks. (AC +1, EV +1)
((You are camouflaged near water. (Stealth+)))
You have tentacles for arms and can constrict up to eight enemies at once.


Message History

The jackal closely misses you. The jackal barely misses you.
There is a stone staircase leading up here.
The jackal completely misses you.
You climb upwards.
There is a stone staircase leading down here.
Throw: 2 darts (curare)
Press: ? - help, Q - select action, (/) - cycle Shift-Dir - straight line, f - jackal
Aim: a jackal (moderately wounded, 53% to hit)
You throw a curare-tipped dart.
The curare-tipped dart misses the jackal.
The jackal barely misses you.
Throw: dart (curare)
Press: ? - help, Q - select action, (/) - cycle Shift-Dir - straight line, f/p - jackal
Aim: a jackal (moderately wounded, 53% to hit)
You throw a curare-tipped dart.
The curare-tipped dart barely misses the jackal.
The jackal bites you.
* * * LOW HITPOINT WARNING * * *
The jackal closely misses you.
Throw: 8 darts (poison)
Press: ? - help, Q - select action Shift-Dir - straight line, f/p - jackal
Aim: a jackal (moderately wounded, 53% to hit)
You throw a poisoned dart.
The poisoned dart barely misses the jackal.
The jackal bites you but does no damage.
Throw: 7 darts (poison)
Press: ? - help, Q - select action Shift-Dir - straight line, f/p - jackal
Aim: a jackal (moderately wounded, 53% to hit)
You throw a poisoned dart.
The poisoned dart completely misses the jackal.
The jackal bites you.
* * * LOW HITPOINT WARNING * * *
Throw: 6 darts (poison)
Press: ? - help, Q - select action Shift-Dir - straight line, f/p - jackal
Aim: a jackal (moderately wounded, 53% to hit)
You throw a poisoned dart.
The poisoned dart completely misses the jackal.
The jackal bites you.
You die...

#.................#
#.##.##############
#.##.....#
#...#.##.# #
###.#.##.# ###
#.....)# ..#####
###....#
#.....#####....###
.........('....h@#
#####.#####...#.##
#.# #####.# #.##
#.###### #..#
#..)...# ######.##
####......#
#.......##
#.........#
.........#
#.........#
.........#
#.......###


You could see a jackal.

Vanquished Creatures
  An adder (D:2)
  2 dart slugs
  3 ball pythons
  A bat (D:1)
  2 endoplasms
  4 goblins
  3 hobgoblins (D:1)
  2 jackals (D:2)
  A kobold (D:1)
  4 rats
23 creatures vanquished.

Notes
Turn   | Place    | Note
-------+----------+-------------------------------------------
     0 | D:1      | Delamore the Octopode Brigand began the quest for the Orb.
     0 | D:1      | Reached XP level 1. HP: 14/14 MP: 1/1
   112 | D:1      | Reached XP level 2. HP: 4/19 MP: 2/2
   970 | D:2      | Reached XP level 3. HP: 25/25 MP: 3/3
  1139 | D:1      | Slain by a jackal

Illustrated notes

Levels and vault maps discovered:
D:1:      minmay_arrival_shattered_statue, layout_basic
D:2:      layout_rooms

Skill      XL: |  1  2  3 |
---------------+----------+-----
Short Blades   | 3 |  3.0
Fighting       | |  2.4
Throwing       | |  2.0
Dodging        | |  1.0
Stealth        | |  5.8

Action                   || total
-------------------------++-------
Melee: Dagger            ||    43
       Constrict         ||    11
       Tentacles         ||     5
Throw: Dart              ||     5
 Stab: Sleeping          ||    10
Armor: Skin              ||     3
Dodge: Dodged            ||    32

Table legend: (Time is in decaauts)
 A = Elapsed time spent in this place.
 B = Non-inter-level travel time spent in this place.
 C = Inter-level travel time spent in this place.
 D = Time resting spent in this place.
 E = Time spent auto-exploring this place.
 F = Levels seen in this place.
 G = Mean time per level.
                   A        B        C        D        E       F      G
               +--------+--------+--------+--------+--------+-----+--------+
         Total |   1133 |   1128 |      5 |    415 |    555 |   2 |  566.5 |
       Dungeon |   1133 |   1128 |      5 |    415 |    555 |   2 |  566.5 |
               +--------+--------+--------+--------+--------+-----+--------+

Top non-repeatable levels by time:
     D:1: 946 daAuts
     D:2: 186 daAuts
